 Dungeon Crawl Stone Soup version 0.30-a0-165-g1891117ce2 (webtiles) character file.

Game seed: 15000026881490220134

88 qw the Chopper (level 4, -3/28 HPs)
             Began as a Gargoyle Fighter on Sept 28, 2022.
             Slain by an orc wizard
             ... wielding a +0 quarterstaff
              (5 damage)
             ... on level 3 of the Dungeon.
             The game lasted 00:00:49 (2980 turns).

qw the Chopper (Gargoyle Fighter)                   Turns: 2980, Time: 00:00:50

Health: -3/28      AC: 10    Str: 22    XL:     4   Next: 53%
Magic:  4/4        EV:  9    Int:  8    God:
Gold:   146        SH:  4    Dex:  9    Spells: 3/3 levels left

rFire   . . .      SeeInvis .    Y - +1 war axe
rCold   . . .      Faith    .    c - +0 buckler
rNeg    + . .      Spirit   .    b - +0 scale mail
rPois   inf        Reflect  .    (no helmet)
rElec   +          Harm     .    (no cloak)
rCorr   .          Rampage  .    (no gloves)
Will    .....                    (no boots)
Stlth   ..........               (no amulet)
HPRegen 0.09/turn                (no ring)
MPRegen 0.09/turn                (no ring)

@: no status effects
A: sickness immunity, AC +3, negative energy resistance 1, electricity
resistance, torment resistance 1, petrification resistance
a: no special abilities


You were on level 3 of the Dungeon.
You visited 1 branch of the dungeon, and saw 3 of its levels.

You collected 146 gold pieces.


Innate Abilities, Weirdness & Mutations

You are immune to sickness and miasma.
Your stone body is resilient. (AC +3)
You are immune to poison.
You resist negative energy. (rN+)
You are resistant to electric shocks. (rElec)
You are resistant to unholy torment.
You are immune to petrification.


   Skills:
 - Level 3.2 Fighting
 + Level 3.9 Axes
 - Level 1.1 Throwing
 - Level 3.2 Armour
 - Level 3.2 Shields


You had 3 spell levels left.
You didn't know any spells.
Your spell library was empty.

Inventory:

Hand Weapons
 f - a +0 whip
 Y - a +1 war axe (weapon)
Missiles
 i - 2 javelins (quivered)
Armour
 b - a +0 scale mail (worn)
 c - a +0 buckler (worn)
Scrolls
 a - 2 scrolls of enchant armour
 o - a scroll of identify
Potions
 d - 3 potions of might
 e - a potion of lignification
 g - a potion of curing
 h - a potion of heal wounds
 j - a potion of degeneration {unknown}
 k - a potion of flight {unknown}
 l - a potion of haste
 m - a potion of cancellation {unknown}

Dungeon Overview and Level Annotations

Branches:
Dungeon (3/15)

Altars:
Nemelex Xobeh
Vehumet

Shops:
D:1 (


Message History

What level of the Dungeon? (default 1, ? - help)
You climb downwards.
There is a stone staircase leading up here.
An orc wizard is nearby!
The orc wizard casts a spell at you. The magic dart hits you.
You hit the orc wizard.
The orc wizard is lightly wounded.
The orc wizard gestures wildly while chanting.
The orc wizard flickers and vanishes!
Deactivating autopickup; reactivate with Ctrl-A.
You hear some strange, mumbled words.
Something tries to affect you, but you resist.
You miss something.
You hear some strange, mumbled words.
A magic dart appears from out of thin air!
The magic dart hits you.
You hit something.
You hear some strange, mumbled words.
A puff of flame appears from out of thin air!
The puff of flame hits you.
You miss something. Something hits you. Something hits you but does no damage.
You barely miss something. Something hits you.
You closely miss something. Something hits you.
You closely miss something. Something hits you.
Something hits you but does no damage.
You miss something.
You hear some strange, mumbled words.
A puff of flame appears from out of thin air!
The puff of flame hits you.
You miss something. Something hits you but does no damage.
You miss something. Something hits you but does no damage.
You barely miss something. Something hits you but does no damage.
Something hits you.
You die...

.......#.########
.......#o##.....#
###....#.##.###.#
#.####.##.....###### ####..
#.#####..#....# #.....
#.#####..#.##.# #.....
#..).......##.#
#####..[..###.#######.....#
...##.......#..{@..<#..#.##
...# #.......######....#
...# #.......#.......###
...# ##......#.####### ..##
#.....##.##.#
..###########.......#
...........##.#)###.#
..#........##.#...# #
..##.......##.##.##


There were no monsters in sight!

Vanquished Creatures
  3 adders
  A white imp (D:3)
  3 worms (D:2)
  A dart slug (D:3)
  2 orcs (D:3)
  4 endoplasms
  5 giant cockroaches
  A hobgoblin (D:2)
  3 kobolds
  A quokka (D:1)
  5 ball pythons
  5 bats
  2 frilled lizards (D:3)
  3 goblins (D:2)
  6 rats
45 creatures vanquished.

Notes
Turn   | Place    | Note
-------+----------+-------------------------------------------
     0 | D:1      | qw the Gargoyle Fighter began the quest for the Orb.
     0 | D:1      | Reached XP level 1. HP: 14/14 MP: 1/1
     0 | D:1      | 0 ||| qw: Version: 0.2-a-12-gaebbb33
     0 | D:1      | 0 ||| qw: Game counter: 778
     0 | D:1      | 0 ||| qw: Always use a shield: true
     0 | D:1      | 0 ||| qw: God list: Okawaru
     0 | D:1      | 0 ||| qw: Allow faded altars: false
     0 | D:1      | 0 ||| qw: Do Orc after D:15 true
     0 | D:1      | 0 ||| qw: Do second Lair branch before Depths: true
     0 | D:1      | 0 ||| qw: Lair rune preference: random
     0 | D:1      | 0 ||| qw: Plans: Normal, Zot:1-4, God:TSO, Crypt, Tomb,
                  | Pan, Slime:5, Hells, Abyss, Orb
     0 | D:1      | 0 ||| PLANNING D:1-11
   173 | D:1      | 173 ||| Stepping ~*~*~tactically~*~*~ (stealth).
   186 | D:1      | Reached XP level 2. HP: 18/19 MP: 2/2
   348 | D:1      | Found Xusici's Antique Weapon Emporium.
   356 | D:1      | 356 ||| SHOPLISTING runed war axe (162 gold, have 40).
   770 | D:1      | Found a faded altar of an unknown god.
  1065 | D:1      | 1065 ||| READING 2 scrolls labelled IMMOSO HUGH.
  1066 | D:1      | 1066 ||| READING scroll labelled BUYCIULIEPP.
  1067 | D:1      | 1067 ||| READING scroll labelled HONESY NEUCVESO.
  1068 | D:1      | 1068 ||| READING scroll labelled YMEGUR LIELAS.
  1421 | D:2      | 1421 ||| Stepping ~*~*~tactically~*~*~ (stealth).
  1425 | D:2      | 1425 ||| Stepping ~*~*~tactically~*~*~ (stealth).
  1429 | D:2      | Reached skill level 3 in Axes
  1434 | D:2      | Reached XP level 3. HP: 23/23 MP: 3/3
  1435 | D:2      | Reached skill level 1 in Throwing
  1438 | D:2      | 1438 ||| Stepping ~*~*~tactically~*~*~ (stealth).
  1439 | D:2      | 1439 ||| Stepping ~*~*~tactically~*~*~ (stealth).
  1446 | D:2      | 1446 ||| Stepping ~*~*~tactically~*~*~ (stealth).
  1652 | D:2      | 1652 ||| Stepping ~*~*~tactically~*~*~ (stealth).
  1757 | D:2      | You fall into a shaft and drop 1 floor!
  1990 | D:3      | Reached XP level 4. HP: 28/28 MP: 4/4
  2007 | D:3      | HP: 4/28 [orc/puff of flame (5)]
  2008 | D:3      | 2008 ||| READING 2 scrolls of teleportation.
  2012 | D:3      | 2012 ||| Stepping ~*~*~tactically~*~*~ (stealth).
  2014 | D:3      | 2014 ||| READING scroll of teleportation.
  2350 | D:3      | Found a sparkling altar of Nemelex Xobeh.
  2353 | D:3      | Found a radiant altar of Vehumet.
  2368 | D:3      | 2368 ||| READING scroll labelled KORHAV VOBBI.
  2369 | D:3      | 2369 ||| READING scroll labelled KAZAENA JISAI.
  2370 | D:3      | 2370 ||| DRINKING 2 sedimented coppery potions.
  2371 | D:3      | 2371 ||| DRINKING 2 bubbling clear potions.
  2475 | D:3      | 2475 ||| READING 2 scrolls of identify.
  2475 | D:3      | 2475 ||| IDENTIFYING sedimented purple potion
  2476 | D:3      | 2476 ||| DROPPING potion of berserk rage.
  2654 | D:2      | 2654 ||| DRINKING 2 white potions.
  2862 | D:3      | 2862 ||| Stepping ~*~*~tactically~*~*~ (hiding).
  2914 | D:3      | 2914 ||| FLEEEEING.
  2926 | D:3      | 2926 ||| FLEEEEING.
  2927 | D:3      | 2927 ||| FLEEEEING.
  2928 | D:3      | 2928 ||| FLEEEEING.
  2933 | D:3      | 2933 ||| STAIRDANCE
  2964 | D:2      | 2964 ||| READING 2 scrolls of identify.
  2964 | D:2      | 2964 ||| IDENTIFYING purple potion
  2976 | D:3      | HP: 7/28 [something (5)]
  2977 | D:3      | HP: 2/28 [something/puff of flame (5)]
  2980 | D:3      | Slain by an orc wizard

Levels and vault maps discovered:
D:1:      nzn_arrival_settlement, layout_basic, serial_shops,
          nicolae_shop_advertising_works [nicolae_subvault_shop_adworks],
          basic_ecumenical_altar
D:2:      layout_basic
D:3:      layout_basic, nicolae_overflow_squiral

Skill      XL: |  1  2  3 |
---------------+----------+-----
Axes           | 2 3 |  3.9
Throwing       | 1 |  1.1
Fighting       | |  3.2
Armour         | |  3.2
Shields        | |  3.2

Action                   |  1- 3 |  4- 6 || total
-------------------------+-------+-------++-------
Melee: War axe           |    99 |    42 ||   141
Throw: Javelin           |    26 |     9 ||    35
  Use: Scroll            |     4 |     6 ||    10
       Potion            |       |     3 ||     3
Armor: Scale mail        |    56 |    17 ||    73
Dodge: Dodged            |    40 |    10 ||    50
Block: Buckler           |    17 |     5 ||    22

Table legend:
 A = Non-vault XP
 B = Vault XP
 C = Vault XP percentage of total XP
 D = Non-vault monster count
 E = Vault monster count
 F = Vault count percentage of total count
                 A         B        C        D         E       F
            +---------+---------+-------+---------+---------+-------
      Total |     126 |       0 |   0.0 |      45 |       0 |   0.0
            +---------+---------+-------+---------+---------+-------
        D:1 |      20 |       0 |   0.0 |      13 |       0 |   0.0
        D:2 |      51 |       0 |   0.0 |      18 |       0 |   0.0
        D:3 |      55 |       0 |   0.0 |      14 |       0 |   0.0
            +---------+---------+-------+---------+---------+-------
